General information
- name: BNet
- type: Ladder team game (AT/RT)
- host: Battle.net
- saver: VI.
map: TwilightRuins
- players: 8
- length: 55:56
- speed: Fast
- version: 1.28 W3XP
- replay type: Public
» download(462 KB)
Players
team 1 (loser)

»
Bangladesh (
teal | 29 APM | 986 actions | 34:30)
7 Blademaster
3 Critical Strike
3 Mirror Image
1 Bladestorm
5 Shadow Hunter
3 Healing Wave
2 Hex
» actions
| Build / train | 97 | |
| ESC pressed | 2 | |
| Enter build submenu | 26 | |
| Enter hero's abilities submenu | 12 | |
| Give item / drop item | 2 | |
| Right click | 341 | |
| Select / deselect | 406 | |
| Use ability | 100 | |
986 total
» units
» upgrades
| Shaman Training | 2 | |
| Melee Weapons | 3 | |
| Pulverize | 1 | |
| Pillage | 1 | |
| Armor | 1 | |
| Reinforced Defenses | 1 | |
9 total
» buildings
| Altar of Storms | 1 | |
| Orc Burrow | 13 | |
| Voodoo Lounge | 1 | |
| Stronghold | 2 | |
| Fortress | 1 | |
| Great Hall | 1 | |
| Spirit Lodge | 2 | |
| War Mill | 1 | |
| Tauren Totem | 2 | |
24 total
» build order
00:10 Altar of Storms
00:20 Orc Burrow
00:22 Orc Burrow
00:56 Voodoo Lounge
02:13 Stronghold
02:13 Stronghold
03:12 Orc Burrow
04:36 Fortress
04:40 Great Hall
04:46 Spirit Lodge
06:32 Spirit Lodge
06:57 War Mill
09:51 Tauren Totem
09:55 Tauren Totem
10:45 Orc Burrow
14:22 Orc Burrow
15:28 Orc Burrow
16:52 Orc Burrow
18:28 Orc Burrow
19:34 Orc Burrow
21:33 Orc Burrow
28:09 Orc Burrow
28:24 Orc Burrow
29:06 Orc Burrow
» items
| Healing Salve | 2 | |
| Lesser Clarity Potion | 2 | |
| Scroll of Speed | 1 | |
| Scroll of Town Portal | 8 | |
| Orb of Lightning | 1 | |
| Potion of Lesser Invulnerability | 3 | |
| Boots of Speed | 3 | |
| Scroll of Healing | 2 | |
| Potion of Healing | 4 | |
| Scroll of Protection | 1 | |
27 total

»
naggersnjuice (
yellow | 263 APM | 8592 actions | 32:36)
7 Paladin
3 Holy Light
3 Divine Shield
1 Resurrection
5 Mountain King
3 Storm Bolt
1 Bash
1 Thunder Clap
» actions
| Assign group hotkey | 179 | |
| Basic commands | 13 | |
| Build / train | 175 | |
| ESC pressed | 2 | |
| Enter build submenu | 32 | |
| Enter hero's abilities submenu | 12 | |
| Give item / drop item | 5 | |
| Right click | 1424 | |
| Select / deselect | 822 | |
| Select group hotkey | 5644 | |
| Use ability | 284 | |
8592 total
» units
| Peasant | 23 | |
| Rifleman | 11 | |
| Giant Sea Turtle | 2 | |
| Gryphon Rider | 6 | |
| Dragonhawk Rider | 43 | |
85 total
» upgrades
| Gunpowder | 1 | |
| Armor | 3 | |
| Lumber Harvesting | 1 | |
| Storm Hammers | 1 | |
| Animal War Training | 1 | |
| Swords | 3 | |
| Cloud | 1 | |
| Masonry | 1 | |
12 total
» buildings
| Farm | 10 | |
| Altar of Kings | 1 | |
| Blacksmith | 1 | |
| Barracks | 1 | |
| Lumber Mill | 1 | |
| Arcane Vault | 2 | |
| Town Hall | 1 | |
| Keep | 2 | |
| Scout Tower | 9 | |
| Guard Tower | 2 | |
| Castle | 2 | |
| Gryphon Aviary | 3 | |
35 total
» build order
00:26 Farm
00:45 Altar of Kings
01:11 Blacksmith
01:29 Barracks
01:42 Farm
01:52 Lumber Mill
03:32 Farm
03:51 Farm
03:59 Arcane Vault
05:28 Town Hall
06:35 Farm
07:42 Keep
07:42 Keep
07:45 Scout Tower
08:11 Scout Tower
08:12 Scout Tower
08:17 Guard Tower
08:17 Guard Tower
08:34 Farm
10:49 Castle
10:49 Castle
10:54 Gryphon Aviary
10:57 Gryphon Aviary
11:05 Gryphon Aviary
11:31 Scout Tower
16:27 Farm
16:30 Farm
18:42 Scout Tower
18:44 Scout Tower
19:44 Farm
21:23 Farm
21:52 Arcane Vault
27:03 Scout Tower
27:03 Scout Tower
27:04 Scout Tower
» items
| Scroll of Regeneration | 8 | |
| Talisman of Evasion | 1 | |
| Lesser Clarity Potion | 4 | |
| Scroll of Town Portal | 16 | |
| Orb of Fire | 6 | |
| Scroll of Protection | 4 | |
| Scroll of Healing | 1 | |
40 total
BASKETBALL-SUCK (
purple | 63 APM | 3545 actions | 55:55)
10 Blademaster
3 Wind Walk
3 Critical Strike
1 Bladestorm
3 Mirror Image
» actions
| Assign group hotkey | 42 | |
| Basic commands | 238 | |
| Build / train | 77 | |
| Enter build submenu | 38 | |
| Enter hero's abilities submenu | 10 | |
| Give item / drop item | 11 | |
| Right click | 1338 | |
| Select / deselect | 436 | |
| Select group hotkey | 1147 | |
| Use ability | 208 | |
3545 total
» units
| Peon | 12 | |
| Grunt | 3 | |
| Goblin Shredder | 5 | |
| Wind Rider | 7 | |
| Goblin Zeppelin | 2 | |
| Goblin Sapper | 2 | |
| Troll Batrider | 2 | |
33 total
» upgrades
| Ranged Weapons | 2 | |
| Reinforced Defenses | 1 | |
| Armor | 2 | |
| Liquid Fire | 1 | |
| Envenomed Spears | 1 | |
| Ensnare | 1 | |
| Melee Weapons | 2 | |
| Pillage | 1 | |
11 total
» buildings
| Altar of Storms | 1 | |
| Orc Burrow | 7 | |
| Barracks | 1 | |
| Voodoo Lounge | 1 | |
| Great Hall | 3 | |
| Stronghold | 4 | |
| War Mill | 1 | |
| Watch Tower | 39 | |
| Beastiary | 5 | |
| Fortress | 3 | |
65 total
» build order
00:07 Altar of Storms
00:17 Orc Burrow
00:37 Barracks
01:25 Orc Burrow
01:56 Voodoo Lounge
03:15 Great Hall
03:29 Great Hall
03:49 Stronghold
03:49 Stronghold
03:49 Stronghold
04:16 War Mill
05:14 Orc Burrow
05:57 Watch Tower
05:58 Watch Tower
06:08 Watch Tower
06:09 Watch Tower
06:45 Beastiary
06:56 Fortress
06:56 Fortress
07:10 Beastiary
08:12 Beastiary
08:51 Watch Tower
08:55 Watch Tower
09:01 Watch Tower
09:44 Watch Tower
10:51 Watch Tower
10:52 Watch Tower
11:30 Watch Tower
11:35 Watch Tower
11:39 Watch Tower
12:14 Watch Tower
12:14 Watch Tower
12:15 Watch Tower
12:16 Watch Tower
12:38 Watch Tower
12:43 Watch Tower
12:44 Watch Tower
12:44 Watch Tower
12:44 Watch Tower
13:36 Orc Burrow
13:37 Orc Burrow
13:38 Orc Burrow
15:02 Orc Burrow
15:58 Watch Tower
20:54 Great Hall
20:58 Watch Tower
20:59 Watch Tower
20:59 Watch Tower
20:59 Watch Tower
21:02 Watch Tower
21:02 Watch Tower
21:02 Watch Tower
21:03 Watch Tower
23:15 Watch Tower
23:16 Watch Tower
23:16 Watch Tower
25:02 Stronghold
25:38 Beastiary
25:41 Beastiary
31:42 Fortress
32:03 Watch Tower
32:04 Watch Tower
32:04 Watch Tower
32:04 Watch Tower
32:05 Watch Tower
» items
| Healing Salve | 3 | |
| Orb of Lightning | 1 | |
| Scroll of Town Portal | 5 | |
| Staff of Teleportation | 1 | |
| Claws of Attack +9 | 1 | |
11 total
pmltetimeslice (
orange | 35 APM | 1912 actions | 55:17)
4 Blademaster
2 Wind Walk
2 Critical Strike
» actions
| Assign group hotkey | 44 | |
| Build / train | 75 | |
| Enter build submenu | 21 | |
| Enter hero's abilities submenu | 6 | |
| Give item / drop item | 5 | |
| Remove unit from queue | 2 | |
| Right click | 998 | |
| Select / deselect | 489 | |
| Select group hotkey | 180 | |
| Use ability | 92 | |
1912 total
» units
| Peon | 7 | |
| Grunt | 10 | |
| Troll Batrider | 5 | |
| Raider | 7 | |
| Peasant | 8 | |
37 total
» upgrades
| Melee Weapons | 2 | |
| Pillage | 1 | |
| Ensnare | 1 | |
| Gunpowder | 1 | |
5 total
» buildings
| Orc Burrow | 6 | |
| Altar of Storms | 1 | |
| Barracks | 1 | |
| Voodoo Lounge | 1 | |
| Stronghold | 1 | |
| War Mill | 3 | |
| Watch Tower | 1 | |
| Beastiary | 3 | |
| Workshop | 2 | |
19 total
» build order
00:07 Orc Burrow
00:09 Altar of Storms
00:29 Barracks
01:38 Orc Burrow
02:08 Voodoo Lounge
06:40 Stronghold
06:42 War Mill
08:53 Orc Burrow
08:58 Watch Tower
09:05 Beastiary
10:56 Beastiary
12:55 Beastiary
13:38 Orc Burrow
19:42 Orc Burrow
19:43 Orc Burrow
19:44 War Mill
19:48 War Mill
33:48 Workshop
34:23 Workshop
» items
| Lesser Clarity Potion | 14 | |
| Healing Salve | 4 | |
| Scroll of Speed | 5 | |
| Scroll of Regeneration | 1 | |
| Scroll of Town Portal | 1 | |
25 total
team 2 (winner)
Lifftd (
red | 36 APM | 1642 actions | 45:59)
3 Blood Mage
2 Banish
1 Siphon Mana
4 Mountain King
2 Storm Bolt
2 Bash
4 Dreadlord
3 Vampiric Aura
1 Sleep
3 Death Knight
2 Unholy Aura
1 Death Coil
» actions
| Assign group hotkey | 39 | |
| Basic commands | 46 | |
| Build / train | 71 | |
| Enter build submenu | 22 | |
| Enter hero's abilities submenu | 15 | |
| Remove unit from queue | 1 | |
| Right click | 538 | |
| Select / deselect | 347 | |
| Select group hotkey | 487 | |
| Use ability | 76 | |
1642 total
» units
| Peasant | 10 | |
| Gryphon Rider | 7 | |
| Acolyte | 2 | |
| Crypt Fiend | 8 | |
| Gargoyle | 5 | |
32 total
» upgrades
| Swords | 1 | |
| Armor | 1 | |
| Storm Hammers | 1 | |
| Web | 1 | |
| Creature Attack | 1 | |
5 total
» buildings
| Farm | 6 | |
| Scout Tower | 1 | |
| Altar of Kings | 1 | |
| Barracks | 1 | |
| Lumber Mill | 1 | |
| Arcane Tower | 2 | |
| Keep | 2 | |
| Blacksmith | 1 | |
| Arcane Vault | 1 | |
| Castle | 1 | |
| Gryphon Aviary | 2 | |
| Town Hall | 1 | |
| Ziggurat | 4 | |
| Crypt | 2 | |
| Halls of the Dead | 2 | |
| Spirit Tower | 1 | |
29 total
» build order
00:41 Farm
00:42 Farm
00:43 Scout Tower
01:11 Altar of Kings
01:52 Barracks
02:01 Farm
02:19 Lumber Mill
02:31 Arcane Tower
02:31 Arcane Tower
03:29 Keep
03:30 Keep
03:42 Blacksmith
03:57 Arcane Vault
05:28 Farm
05:29 Farm
05:31 Farm
05:59 Castle
06:02 Gryphon Aviary
06:09 Gryphon Aviary
14:48 Town Hall
15:55 Ziggurat
15:56 Ziggurat
15:57 Ziggurat
15:58 Ziggurat
15:59 Crypt
16:00 Crypt
16:07 Halls of the Dead
16:08 Halls of the Dead
19:44 Spirit Tower
» items
| Scroll of Town Portal | 1 | |
| Potion of Healing | 1 | |
| Rod of Necromancy | 1 | |
| Potion of Lesser Invulnerability | 1 | |
| Staff of Sanctuary | 1 | |
5 total

»
lauking (
pink | 60 APM | 2827 actions | 46:54)
7 Death Knight
2 Death Coil
3 Unholy Aura
1 Death Pact
1 Animate Dead
5 Dreadlord
1 Sleep
3 Vampiric Aura
1 Carrion Swarm
» actions
| Assign group hotkey | 49 | |
| Basic commands | 403 | |
| Build / train | 88 | |
| Enter build submenu | 25 | |
| Enter hero's abilities submenu | 12 | |
| Right click | 869 | |
| Select / deselect | 387 | |
| Select group hotkey | 902 | |
| Use ability | 92 | |
2827 total
» units
| Acolyte | 17 | |
| Ghoul | 4 | |
| Crypt Fiend | 15 | |
| Obsidian Statue | 3 | |
| Frost Wyrm | 7 | |
| Gargoyle | 9 | |
55 total
» upgrades
| Creature Attack | 3 | |
| Web | 1 | |
| Freezing Breath | 1 | |
| Creature Carapace | 1 | |
6 total
» buildings
| Altar of Darkness | 1 | |
| Ziggurat | 10 | |
| Crypt | 2 | |
| Tomb of Relics | 1 | |
| Graveyard | 1 | |
| Halls of the Dead | 1 | |
| Nerubian Tower | 1 | |
| Black Citadel | 1 | |
| Sacrificial Pit | 1 | |
| Slaughterhouse | 1 | |
| Spirit Tower | 4 | |
| Boneyard | 2 | |
| Necropolis | 2 | |
28 total
» build order
00:07 Altar of Darkness
00:09 Ziggurat
00:31 Crypt
00:58 Tomb of Relics
01:28 Graveyard
01:57 Ziggurat
03:34 Halls of the Dead
04:19 Ziggurat
04:29 Nerubian Tower
05:09 Ziggurat
06:43 Black Citadel
06:57 Sacrificial Pit
07:02 Slaughterhouse
07:52 Ziggurat
09:15 Spirit Tower
09:21 Ziggurat
11:20 Boneyard
11:22 Boneyard
11:38 Ziggurat
11:54 Spirit Tower
14:22 Spirit Tower
16:55 Ziggurat
16:57 Ziggurat
16:59 Ziggurat
17:47 Crypt
18:18 Spirit Tower
29:51 Necropolis
34:55 Necropolis
» items
| Rod of Necromancy | 1 | |
| Potion of Healing | 1 | |
| Orb of Corruption | 2 | |
| Scroll of Town Portal | 1 | |
| Dust of Appearance | 1 | |
6 total
VI. (
blue | 87 APM | 4858 actions | 55:56)
10 Archmage
3 Summon Water Elemental
3 Brilliance Aura
1 Mass Teleport
3 Blizzard
» actions
| Assign group hotkey | 168 | |
| Basic commands | 133 | |
| Build / train | 120 | |
| Enter build submenu | 52 | |
| Enter hero's abilities submenu | 11 | |
| Give item / drop item | 6 | |
| Remove unit from queue | 2 | |
| Right click | 1863 | |
| Select / deselect | 617 | |
| Select group hotkey | 1585 | |
| Use ability | 300 | |
4858 total
» units
| Peasant | 17 | |
| Footman | 4 | |
| Goblin Shredder | 2 | |
| Gryphon Rider | 11 | |
| Dragonhawk Rider | 9 | |
| Goblin Sapper | 3 | |
| Acolyte | 1 | |
47 total
» upgrades
| Swords | 3 | |
| Armor | 3 | |
| Animal War Training | 1 | |
| Masonry | 3 | |
| Storm Hammers | 1 | |
| Cloud | 1 | |
12 total
» buildings
| Altar of Kings | 2 | |
| Barracks | 2 | |
| Farm | 10 | |
| Scout Tower | 19 | |
| Lumber Mill | 1 | |
| Keep | 2 | |
| Arcane Tower | 1 | |
| Castle | 1 | |
| Arcane Vault | 3 | |
| Gryphon Aviary | 4 | |
| Blacksmith | 2 | |
| Town Hall | 7 | |
| Guard Tower | 6 | |
60 total
» build order
00:36 Altar of Kings
00:38 Barracks
00:44 Altar of Kings
00:44 Barracks
00:49 Farm
00:50 Farm
01:04 Farm
01:34 Farm
03:10 Scout Tower
03:13 Lumber Mill
03:41 Keep
03:43 Arcane Tower
04:16 Scout Tower
06:27 Castle
07:44 Farm
08:37 Arcane Vault
09:33 Gryphon Aviary
09:35 Gryphon Aviary
09:38 Gryphon Aviary
09:40 Gryphon Aviary
10:40 Blacksmith
10:43 Blacksmith
10:52 Town Hall
10:54 Scout Tower
10:54 Scout Tower
10:54 Scout Tower
10:54 Scout Tower
11:04 Farm
12:37 Guard Tower
18:36 Scout Tower
18:36 Scout Tower
18:37 Scout Tower
18:37 Scout Tower
18:38 Scout Tower
18:38 Scout Tower
18:39 Scout Tower
18:39 Scout Tower
18:41 Scout Tower
18:41 Scout Tower
18:41 Scout Tower
18:42 Scout Tower
18:42 Scout Tower
19:15 Guard Tower
19:17 Farm
19:17 Farm
19:19 Farm
19:21 Farm
19:42 Guard Tower
19:46 Guard Tower
20:12 Guard Tower
20:15 Guard Tower
24:53 Arcane Vault
24:57 Arcane Vault
29:32 Town Hall
32:12 Town Hall
36:35 Town Hall
38:54 Town Hall
39:37 Town Hall
53:07 Town Hall
54:32 Keep
» items
| Rod of Necromancy | 2 | |
| Scroll of Town Portal | 9 | |
| Potion of Healing | 6 | |
| Staff of Teleportation | 1 | |
| Boots of Speed | 1 | |
| Scroll of Regeneration | 8 | |
| Staff of Sanctuary | 1 | |
| Mechanical Critter | 2 | |
| Potion of Mana | 1 | |
| Lesser Clarity Potion | 2 | |
| Potion of Lesser Invulnerability | 1 | |
| Periapt of Vitality | 1 | |
| Scroll of Healing | 1 | |
| Potion of Invulnerability | 1 | |
| Potion of Invisibility | 1 | |
38 total

»
Soccerluke96 (
green | 44 APM | 464 actions | 10:32)
1 Dreadlord
1 Carrion Swarm
» actions
| Basic commands | 4 | |
| Build / train | 35 | |
| Enter build submenu | 13 | |
| Enter hero's abilities submenu | 1 | |
| Remove unit from queue | 1 | |
| Right click | 218 | |
| Select / deselect | 174 | |
| Use ability | 18 | |
464 total
» units
| Acolyte | 16 | |
| Ghoul | 8 | |
| Crypt Fiend | 2 | |
26 total
» buildings
| Altar of Darkness | 1 | |
| Crypt | 1 | |
| Ziggurat | 7 | |
| Graveyard | 1 | |
| Tomb of Relics | 1 | |
| Nerubian Tower | 3 | |
| Spirit Tower | 3 | |
17 total
» build order
00:07 Altar of Darkness
00:10 Crypt
00:14 Ziggurat
01:47 Graveyard
01:56 Ziggurat
02:15 Tomb of Relics
05:36 Ziggurat
05:39 Ziggurat
06:31 Nerubian Tower
06:40 Nerubian Tower
06:48 Ziggurat
06:54 Ziggurat
07:10 Ziggurat
07:41 Spirit Tower
08:07 Nerubian Tower
09:44 Spirit Tower
10:10 Spirit Tower
Chat log
(00:16 / All) Bangladesh: Bang
(00:20 / Allies) Lifftd: here
(00:28 / All) VI.: BASKETBALL JONES
(00:32 / All) VI.: I GOTTA BASKETBALL JONES
(00:33 / All) VI.: OH BABY OOO OOO
(03:15 / Allies) Lifftd: HELP HIM BLUE
(03:25 / Allies) VI.: lmao
(03:27 / Allies) VI.: make a zig
(03:29 / Allies) VI.: next to ur gold mine
(03:33 / Allies) VI.: and upgrade to cold
(04:49 / All) BASKETBALL-SUCK: OJ STFU
(04:50 / All) BASKETBALL-SUCK: idiot
(04:58 / Allies) Soccerluke96: ty
(05:27 / Allies) VI.: god lol
(05:33 / Allies) VI.: I can't even expo cuz I got to babysit this fucking nub
(05:38 / Allies) Lifftd: thast game
(06:31 / Allies) VI.: upgrade cold
(06:37 / Allies) VI.: upgrade cold
(06:47 / Allies) VI.: put aco by shop on gold
(07:05 / Allies) Lifftd: he bad
(07:08 / Allies) Lifftd: :?
(07:14 / Allies) VI.: green is terribulh
(07:34 / Allies) VI.: thanks to this I have no expo
(09:17 / All) VI.: And he lags
(09:27 / All) VI.: every 5 sec
(09:34 / All) BASKETBALL-SUCK: fucking tk green
(09:47 / All) Lifftd: he so bad
(10:18 / All) BASKETBALL-SUCK: oj is so gay
(10:20 / All) BASKETBALL-SUCK: he is raging
(10:21 / All) BASKETBALL-SUCK: big time
(10:32 / All) BASKETBALL-SUCK: lol
(10:33 / All) BASKETBALL-SUCK: "soccer luke"
(10:37 / All) VI.: fucking trash
(10:42 / Allies) Lifftd: who got
(11:14 / Allies) VI.: gold?
(12:02 / All) BASKETBALL-SUCK: why would i help u oj
(12:04 / All) BASKETBALL-SUCK: seriously
(12:05 / All) BASKETBALL-SUCK: dumb nigger
(12:29 / Allies) VI.: b
(12:51 / Allies) VI.: gold
(13:10 / Allies) Lifftd: help blue
(13:21 / Allies) VI.: run
(15:22 / All) BASKETBALL-SUCK: fuck u oj
(15:23 / All) BASKETBALL-SUCK: u nigger
(15:56 / Allies) VI.: who takin green
(17:09 / All) BASKETBALL-SUCK: lol
(17:14 / All) BASKETBALL-SUCK: oj isthe biggest baby ever
(18:02 / All) VI.: I love this pathfinding
(18:06 / All) BASKETBALL-SUCK: i rape every battle im in and oj says i suck lol
(18:21 / All) BASKETBALL-SUCK: im gonna tp back to ur base bitch
(18:22 / All) BASKETBALL-SUCK: and finish u off
(18:25 / All) BASKETBALL-SUCK: ur anigger baby
(18:57 / All) BASKETBALL-SUCK: suck my dick oj
(19:17 / All) BASKETBALL-SUCK: bitch
(19:20 / All) BASKETBALL-SUCK: leave
(19:21 / All) BASKETBALL-SUCK: we dont need u
(20:15 / All) BASKETBALL-SUCK: those burrows arent gonna finish
(21:24 / All) BASKETBALL-SUCK: actually i let u get ur hero back oj
(21:27 / All) BASKETBALL-SUCK: so i can killi tagian
(22:15 / All) BASKETBALL-SUCK: aint gonna lose bitch
(22:39 / All) pmltetimeslice: noob orc all air
(23:12 / All) pmltetimeslice: noob orc suck ass going left
(23:15 / All) pmltetimeslice: base
(23:21 / All) pmltetimeslice: orc with wyn going bottom
(23:31 / All) pmltetimeslice: mass aa
(23:33 / All) pmltetimeslice: to fight orc
(23:40 / All) pmltetimeslice: mass aa
(23:42 / All) pmltetimeslice: fight orc
(23:45 / All) Lifftd: shut up oj
(23:47 / All) BASKETBALL-SUCK: lol
(23:48 / All) Lifftd: you whinny bitch
(23:48 / All) pmltetimeslice: fuck u too
(23:50 / All) BASKETBALL-SUCK: oj all game
(23:51 / All) BASKETBALL-SUCK: literally
(23:56 / All) BASKETBALL-SUCK: even ur own team
(24:46 / Allies) Lifftd: pink ex[po
(25:14 / All) BASKETBALL-SUCK: im so glad ur out of the game oj
(26:20 / Allies) VI.: gold
(26:44 / Allies) VI.: fight I tp
(27:33 / All) pmltetimeslice: orc lost
(27:38 / All) BASKETBALL-SUCK: not really
(27:40 / All) pmltetimeslice: no aa our team
(27:46 / All) pmltetimeslice: u lost mroon
(27:50 / All) pmltetimeslice: told u so
(27:56 / All) BASKETBALL-SUCK: ur too sutpid to realize what this game is
(27:56 / All) pmltetimeslice: oooops
(27:58 / All) pmltetimeslice: u suck
(28:04 / All) pmltetimeslice: where is your aa
(28:06 / All) pmltetimeslice: oooops
(28:16 / All) pmltetimeslice: nigger base on bottom is open
(28:19 / All) pmltetimeslice: no tower
(28:27 / All) Lifftd: purp like playing alone though
(28:34 / All) pmltetimeslice: both base bottom not towered
(28:36 / All) BASKETBALL-SUCK: yes i do
(28:42 / All) pmltetimeslice: nigger baseball mass tower
(28:48 / All) pmltetimeslice: right side and top right
(28:51 / All) pmltetimeslice: go there last
(29:04 / All) pmltetimeslice: nigger orc mass wyn bottom
(29:20 / Allies) Lifftd: blue
(29:21 / All) pmltetimeslice: 2 army bottom
(29:23 / Allies) Lifftd: go bot and rek him
(29:24 / Allies) VI.: gold
(29:44 / All) pmltetimeslice: wyn and dragon rider bottom
(29:46 / All) BASKETBALL-SUCK: lol
(30:01 / Allies) VI.: gold
(30:16 / All) pmltetimeslice: mass dragon rider bottom
(30:29 / All) pmltetimeslice: wyn top right sitting
(30:43 / All) pmltetimeslice: wyn rider going mid
(31:02 / All) pmltetimeslice: driver coming mid
(31:06 / All) pmltetimeslice: rider coming
(31:25 / All) pmltetimeslice: human expo top
(31:27 / All) BASKETBALL-SUCK: i have 11k gold oj
(31:29 / All) BASKETBALL-SUCK: u have none lawl
(31:42 / All) pmltetimeslice: 1 worker top
(31:46 / Allies) VI.: hit yellow expo
(31:49 / All) pmltetimeslice: you got it
(31:54 / Allies) VI.: and I tp
(32:05 / All) pmltetimeslice: rider middle
(32:13 / All) pmltetimeslice: wyn right top
(32:18 / All) pmltetimeslice: sit on base mass tower
(32:25 / All) pmltetimeslice: orc sit by himself
(32:31 / All) pmltetimeslice: human rider with
(32:35 / All) pmltetimeslice: tauren only
(32:43 / All) pmltetimeslice: Nice we lost
(32:48 / All) BASKETBALL-SUCK: no we ddidnt lawl
(32:49 / All) pmltetimeslice: noob orc u lost again
(32:50 / All) Lifftd: ez
(32:53 / All) pmltetimeslice: baseball r shit
(32:55 / All) pmltetimeslice: after all
(33:41 / All) pmltetimeslice: you are wrong baseball
(33:44 / All) pmltetimeslice: you lost fucker
(34:10 / All) pmltetimeslice: wynbottom left
(34:15 / All) pmltetimeslice: orc coming left side
(34:36 / All) BASKETBALL-SUCK: leave plz oj
(34:44 / All) pmltetimeslice: bye noob baseball
(34:45 / All) VI.: bangladesh #153
(34:55 / All) pmltetimeslice: mass tower base right and right top
(35:19 / All) pmltetimeslice: you lost noob orc
(35:23 / All) BASKETBALL-SUCK: lol
(35:24 / All) VI.: Having to baby sit green
(35:25 / All) pmltetimeslice: noob lost again and again
(35:26 / All) BASKETBALL-SUCK: i have won every battle im in
(35:28 / All) VI.: crippled me for a long time
(35:31 / All) VI.: I was going to fast expo
(35:32 / All) Lifftd: you play alone
(35:35 / All) VI.: instaed I had to stay in his base
(35:35 / All) pmltetimeslice: again and again lost
(35:38 / All) Lifftd: thgerefore lost
(35:38 / Allies) lauking: blue gold
(35:42 / All) BASKETBALL-SUCK: is that so
(35:43 / All) pmltetimeslice: no 1 can play with noob like you
(35:46 / All) pmltetimeslice: looooooser
(35:48 / All) BASKETBALL-SUCK: watch what happens and find out
(36:05 / All) pmltetimeslice: wyn by him self
(36:07 / All) pmltetimeslice: left bottom
(36:18 / All) pmltetimeslice: no protection wyn left bottom
(36:24 / All) Lifftd: 2-2 wyvs
(36:25 / All) Lifftd: lol
(36:35 / All) pmltetimeslice: wyn only left bottom
(36:36 / All) BASKETBALL-SUCK: such haters
(36:45 / All) BASKETBALL-SUCK: i tked orange and u guys give me no credit for doing a 1v4
(36:52 / All) pmltetimeslice: you lost baseball
(36:59 / All) pmltetimeslice: enjoy your lost stupid noob
(37:00 / All) BASKETBALL-SUCK: basketball. moron
(37:03 / All) VI.: orange is a cocksucker
(37:07 / All) VI.: mh loser
(37:08 / All) BASKETBALL-SUCK: yes he is
(37:10 / All) BASKETBALL-SUCK: thi sgame was funny
(37:13 / All) Lifftd: agreed orange a little bitch
(37:18 / All) BASKETBALL-SUCK: i already told orange whats gonna happen and he doesnt want to face the music
(37:27 / All) pmltetimeslice: noob baseball making 6 trolls
(37:34 / All) pmltetimeslice: switch to fiends and its over
(37:54 / All) pmltetimeslice: only gold base for baseball is top
(37:58 / All) BASKETBALL-SUCK: lawl
(38:08 / All) BASKETBALL-SUCK: i have 13k even if they beat me 5 times im still gonna win
(38:22 / All) pmltetimeslice: 12 wyn 6 bats
(38:32 / All) pmltetimeslice: bats at middle
(38:40 / All) pmltetimeslice: heading to you bottom
(38:46 / All) pmltetimeslice: run now bottom
(38:48 / All) pmltetimeslice: run
(38:55 / All) pmltetimeslice: tp out
(39:00 / All) pmltetimeslice: ya
(39:04 / All) pmltetimeslice: noob orc did nothing
(39:04 / Allies) Lifftd: blue
(39:09 / Allies) Lifftd: 1k gold for heroes plz
(39:12 / All) pmltetimeslice: wyn bat bottom human base
(39:13 / All) BASKETBALL-SUCK: i got a worm and made him tp and he acts like i lost
(39:14 / Allies) Lifftd: 600
(39:25 / Allies) Lifftd: 600 gold plz blue
(39:25 / All) pmltetimeslice: baseball has 13k gold 11k wood
(39:33 / All) pmltetimeslice: only base with gold top
(39:45 / All) pmltetimeslice: 2 other base hase no mine
(40:07 / All) pmltetimeslice: wyn comming middle
(40:12 / All) pmltetimeslice: from bottom to middle
(40:22 / All) pmltetimeslice: going to left bottom
(40:37 / All) pmltetimeslice: giong to bottom
(40:38 / All) pmltetimeslice: run
(40:40 / Allies) Lifftd: BLUE GIVE ME GOLD BRO
(40:44 / All) pmltetimeslice: laking run
(40:47 / All) pmltetimeslice: tp out
(40:54 / All) pmltetimeslice: tp out
(40:58 / All) BASKETBALL-SUCK: lol
(40:59 / All) pmltetimeslice: conming for you tp
(41:03 / All) pmltetimeslice: tp
(41:07 / All) pmltetimeslice: ya
(41:09 / All) pmltetimeslice: did nothing
(41:09 / All) BASKETBALL-SUCK: oj mad
(41:10 / All) pmltetimeslice: again
(41:18 / All) BASKETBALL-SUCK: i killed a hero and he said i did nohting
(41:21 / All) pmltetimeslice: noob orc bottom at human base
(41:25 / All) Lifftd: just leave bro
(41:28 / All) pmltetimeslice: he is going to middle again
(41:32 / All) pmltetimeslice: 5 bats 15 wyn
(41:44 / All) pmltetimeslice: mass fiends and stats win
(41:52 / All) pmltetimeslice: he is heading left top
(41:55 / All) pmltetimeslice: going to blue
(42:00 / All) pmltetimeslice: blue expo
(42:05 / Allies) Lifftd: blue afk
(42:06 / All) pmltetimeslice: blue main
(42:08 / All) pmltetimeslice: watch out
(42:12 / All) pmltetimeslice: he is there
(42:30 / All) BASKETBALL-SUCK: i still did nothing oj?
(42:40 / All) pmltetimeslice: going to blue base
(43:00 / All) BASKETBALL-SUCK: talk shit more red
(43:03 / All) BASKETBALL-SUCK: baddie
(43:07 / All) pmltetimeslice: going to red base
(43:09 / All) pmltetimeslice: going down
(43:19 / All) pmltetimeslice: cancel
(43:19 / All) Lifftd: oj shut up snitch
(43:22 / All) pmltetimeslice: cancel
(43:22 / All) Lifftd: we dont give a fuck
(43:28 / All) pmltetimeslice: going to pink bse
(43:29 / All) BASKETBALL-SUCK: oj mad
(43:40 / All) pmltetimeslice: cancel
(43:41 / All) BASKETBALL-SUCK: shall we make this a standoff?
(43:55 / All) pmltetimeslice: baseball hase 2 tp
(44:03 / All) pmltetimeslice: he is at red
(44:14 / All) pmltetimeslice: still at red
(44:15 / Allies) Lifftd: bats win
(44:24 / All) pmltetimeslice: baseball is bs himself top right
(44:31 / All) pmltetimeslice: he is killing himself
(44:35 / All) BASKETBALL-SUCK: no, jus tkilling my burrows
(44:39 / All) BASKETBALL-SUCK: me and blue are gonna leave game
(44:41 / All) pmltetimeslice: baseball is at red base
(44:46 / All) pmltetimeslice: sitting there
(44:47 / All) BASKETBALL-SUCK: person who leaves wc3 on the longest wins
(44:56 / All) pmltetimeslice: he is going bottom
(44:58 / All) pmltetimeslice: pink base
(45:06 / All) pmltetimeslice: he sees blue expo
(45:13 / All) Lifftd: oj give up
(45:17 / All) pmltetimeslice: he is going blue expo
(45:17 / All) Lifftd: your desperate
(45:22 / All) BASKETBALL-SUCK: finishing blues expo cuz he said i could
(45:26 / All) BASKETBALL-SUCK: oj is a nub lawl
(45:58 / All) pmltetimeslice: he sits blue expo
(46:01 / All) pmltetimeslice: not moving yet
(46:13 / All) BASKETBALL-SUCK: actually
(46:31 / All) VI.: we just gonna give oj loss
(46:31 / All) pmltetimeslice: ya noob bs himself its over
(46:37 / All) pmltetimeslice: finnaly dick head no base
(46:40 / All) pmltetimeslice: its over haha
(46:48 / All) pmltetimeslice: yes wat a fuckup game
(46:53 / All) pmltetimeslice: did baseball played
(46:57 / All) BASKETBALL-SUCK: oj lose cuz hes a baby
(46:58 / All) VI.: lol silly pink
(47:00 / All) pmltetimeslice: fucked up in the head
(47:05 / All) pmltetimeslice: playing bs everyone
(47:12 / All) pmltetimeslice: like he is a king by himself
(47:15 / All) VI.: orange is a prick
(47:16 / All) pmltetimeslice: what a fucker
(47:18 / All) BASKETBALL-SUCK: oj literally raged all game
(47:20 / All) BASKETBALL-SUCK: literally
(47:21 / All) BASKETBALL-SUCK: all game
(47:27 / All) VI.: he tks when an ally doesn't play exactly as he waants them to
(47:31 / All) pmltetimeslice: kill baseball bats
(47:35 / All) VI.: cares about record
(47:40 / All) pmltetimeslice: yyyyyyaaaaa
(47:53 / All) pmltetimeslice: loooser baseball lost every game
(48:00 / All) pmltetimeslice: you think you can win by yourself noob
(48:04 / All) BASKETBALL-SUCK: he keeps calling me baseball lol
(48:08 / All) VI.: lol
(48:10 / All) pmltetimeslice: fucked up in the head so bad
(48:12 / All) VI.: I don't know if he thinks that's a good insult
(48:15 / All) BASKETBALL-SUCK: this guy is a sick bastard
(48:16 / All) VI.: or if he's dyslexic
(48:16 / All) pmltetimeslice: just shit in the brain
(48:20 / All) pmltetimeslice: dick
(48:24 / All) pmltetimeslice: noob lost
(48:35 / All) pmltetimeslice: haha lost again
(48:37 / All) pmltetimeslice: ye
(48:38 / All) pmltetimeslice: ya
(48:44 / All) pmltetimeslice: noob bs himself
(48:50 / All) pmltetimeslice: bone head fucker
(48:50 / All) VI.: why did pink leave
(48:51 / All) BASKETBALL-SUCK: he trying to use reverse physcology on me
(48:54 / All) VI.: We said we were giving orange lsos
(48:58 / All) BASKETBALL-SUCK: lawl
(49:01 / All) BASKETBALL-SUCK: i was wonderin gsame thing
(49:12 / All) pmltetimeslice: get lost shit for brain noob
(49:13 / All) VI.: maybe he never seen "oj" term
(49:17 / All) BASKETBALL-SUCK: last builidng is ojs mill by green sold base
(49:22 / All) BASKETBALL-SUCK: keep it alive til this baby stops talking
(49:25 / All) pmltetimeslice: try to win by him self like a fcuker he is
(49:38 / All) pmltetimeslice: keep dickhead around
(49:45 / All) pmltetimeslice: hero goting top
(49:47 / All) pmltetimeslice: blue base
(49:49 / All) pmltetimeslice: hero
(49:50 / All) BASKETBALL-SUCK: lawl
(49:58 / All) BASKETBALL-SUCK: i told him 5 times "blue is my friend"
(49:59 / All) pmltetimeslice: hero going green base
(50:00 / All) BASKETBALL-SUCK: he doesnt get it
(50:10 / All) pmltetimeslice: 2 tp no base
(50:14 / All) pmltetimeslice: all illusion
(50:17 / All) pmltetimeslice: dont worry
(50:21 / All) pmltetimeslice: is is coming
(50:30 / All) pmltetimeslice: hero going to
(50:40 / All) pmltetimeslice: hero top blue base
(50:52 / All) BASKETBALL-SUCK: keep telling him
(51:02 / All) pmltetimeslice: noob hacked
(51:03 / All) VI.: lawl
(51:10 / All) VI.: I was gonna by
(51:13 / All) pmltetimeslice: no base but no count down
(51:15 / All) BASKETBALL-SUCK: i think we have ahistory with oj
(51:16 / All) VI.: I was gonna buy invul pot
(51:17 / All) pmltetimeslice: wtf hacking shit
(51:20 / All) VI.: but I was gonna be cheap
(51:22 / All) BASKETBALL-SUCK: he was in our game where he kept hitting ur expo on market square
(51:23 / All) VI.: and just try to get away with invis
(51:24 / All) pmltetimeslice: bull shit not base
(51:27 / All) pmltetimeslice: no countdown
(51:32 / All) VI.: Yes he tried to tk me one game
(51:38 / All) BASKETBALL-SUCK: giving control to oj
(51:41 / All) BASKETBALL-SUCK: he has my bm
(51:42 / All) VI.: when I got rushed
(51:46 / All) VI.: Or rather other player got rushed
(51:57 / All) BASKETBALL-SUCK: if he tried to attack war mill kill it
(52:02 / All) VI.: and I tried to expand on top of helping he wanted me to sit in the base battling mass hunt all game
(52:27 / All) BASKETBALL-SUCK: well hes gona suicideit
(52:55 / All) VI.: well that's ez
(53:07 / All) pmltetimeslice: there is no base but no count down
(53:11 / All) pmltetimeslice: baseball is afk
(53:17 / All) pmltetimeslice: he hacked the game and no ending
(53:29 / All) pmltetimeslice: what a fucker noob
(53:32 / All) BASKETBALL-SUCK: lawl
(53:38 / All) BASKETBALL-SUCK: this guy had funny chat
(53:38 / All) pmltetimeslice: play like shit hack like shit
(53:50 / All) VI.: I think he plays from an insane asylum
(53:54 / All) VI.: he doesn't seem all there
(53:54 / All) pmltetimeslice: htere is no base and yet there countdown stopped
(53:59 / All) BASKETBALL-SUCK: or a prison
(54:08 / All) pmltetimeslice: we have no base left after he bs him own 3 base
(54:09 / All) VI.: the insane ward of a prison
(54:13 / All) pmltetimeslice: and yet the count down stopped
(54:19 / All) pmltetimeslice: and he afk now
(54:25 / All) pmltetimeslice: what a looser
(54:29 / All) BASKETBALL-SUCK: our last couple games have had really good chat, this guy is strange as they get
(54:46 / All) pmltetimeslice: our team has no units and no base at all
(55:15 / All) pmltetimeslice: bye gamers
(55:22 / All) BASKETBALL-SUCK: def he lose
(55:25 / All) VI.: lawl
(55:30 / All) BASKETBALL-SUCK: u have history with bangledesh too
(55:37 / All) VI.: bangladesh #172